 Dungeon Crawl Stone Soup version 0.29.0-4-gdea44cf6ec (webtiles) character file.

Game seed: 6029211178081133255

1682 qw the Cleaver (level 9, -7/55 HPs)
             Began as a Gargoyle Fighter on Sept 8, 2022.
             Mangled by a wight
             ... wielding a +5 morningstar
              (10 damage)
             ... on level 6 of the Dungeon.
             The game lasted 00:02:41 (6895 turns).

qw the Cleaver (Gargoyle Fighter)                   Turns: 6895, Time: 00:02:41

Health: -7/55      AC: 15    Str: 31    XL:     9   Next: 2%
Magic:  9/9        EV:  8    Int:  8    God:
Gold:   161        SH:  4    Dex:  9    Spells: 8/8 levels left

rFire   . . .      SeeInvis .   Y - +0 war axe (drain)
rCold   . . .      Faith    .   c - +0 buckler
rNeg    + . .      Spirit   .   p - +0 chain mail
rPois   inf        Reflect  .   (no helmet)
rElec   +          Harm     .   (no cloak)
rCorr   .          Rampage  .   (no gloves)
Will    .....                   (no boots)
Stlth   ..........              (no amulet)
HPRegen 0.18/turn               r - +6 ring of strength
MPRegen 0.11/turn               (no ring)

@: no status effects
A: sickness immunity, AC +6, negative energy resistance 1, electricity
resistance, torment resistance 1, petrification resistance
a: no special abilities


You were on level 6 of the Dungeon.
You visited 1 branch of the dungeon, and saw 6 of its levels.

You collected 230 gold pieces.
You spent 69 gold pieces at shops.


Innate Abilities, Weirdness & Mutations

You are immune to sickness and miasma.
Your stone body is resilient. (AC +6)
You are immune to poison.
You resist negative energy. (rN+)
You are resistant to electric shocks. (rElec)
You are resistant to unholy torment.
You are immune to petrification.


   Skills:
 + Level 6.2 Fighting
 - Level 9.0 Axes
 - Level 3.2 Armour
 - Level 1.2 Dodging
 - Level 4.0 Shields


You had 8 spell levels left.
You didn't know any spells.
Your spell library was empty.

Inventory:

Hand Weapons
 n - a +0 flail
 Y - a +0 war axe of draining (weapon)
Armour
 c - a +0 buckler (worn)
 p - a +0 chain mail (worn)
Jewellery
 i - a ring of ice
 r - a +6 ring of strength (left hand)
Scrolls
 g - a scroll of identify
 h - 3 scrolls of blinking
 j - a scroll of fog
Potions
 a - 2 potions of curing
 d - a potion of might
 e - a potion of mutation
 f - a potion of attraction
 l - a potion of lignification
 m - a potion of cancellation {unknown}
 o - a potion of resistance {unknown}

Dungeon Overview and Level Annotations

Branches:
Dungeon (6/15)             Temple (0/1) D:4

Altars:
Vehumet
Zin
The Shining One

Shops:
D:1 [   D:3 *


Message History

The wight is lightly damaged.
The gnoll hits you but does no damage. You block the wight's attack.
You closely miss the wight.
The wight is lightly damaged.
You block the wight's attack.
The gnoll hits you from afar with a +0 spear.
You barely miss the wight.
The wight is lightly damaged.
The wight hits you with a +5 morningstar.
The gnoll hits you from afar with a +0 spear!
You closely miss the wight.
The wight is lightly damaged.
The gnoll barely misses you.
The wight hits you with a +5 morningstar.
You barely miss the wight.
The wight is lightly damaged.
You block the wight's attack. The gnoll completely misses you.
The gnoll hits you but does no damage. The wight barely misses you.
You closely miss the wight.
The wight is lightly damaged.
The wight hits you with a +5 morningstar.
The gnoll barely misses you.
You hit the wight.
The wight is moderately damaged.
The wight barely misses you. The gnoll barely misses you.
You hit the wight.
The wight is heavily damaged.
The gnoll hits you from afar with a +0 spear.
The wight barely misses you.
You barely miss the wight.
The wight is heavily damaged.
The gnoll hits you from afar with a +0 spear.
The wight misses you.
You slash the wight!
The wight is almost destroyed.
The wight completely misses you. The gnoll hits you but does no damage.
You closely miss the wight.
The wight is almost destroyed.
The wight hits you with a +5 morningstar!
You die...

. #. ## .##.
... .... ....
.. #..##....
....# #..#...
#..#.# ##..gz
#....# ##..z#
#..#..##/.@)#
#..........#
#.........##
#.....)..)#
#...#.....#
### ##<...#
#....#
#.......#
##......#


You could see 2 wights and a gnoll.

Vanquished Creatures
  A wraith (D:5)
  A water moccasin (D:5)
  2 ogres
  2 black bears
  A centaur (D:5)
  A kobold brigand (D:5)
  A necrophage (D:5)
  A bullfrog (D:5)
  A wight (D:6)
  2 scorpions
  A crimson imp (D:5)
  A jelly (D:3)
  3 orc priests
  2 gnoll boudas
  A hound (D:5)
  2 orc wizards
  5 iguanas
  3 adders
  5 gnolls
  A shadow imp (D:6)
  A white imp (D:4)
  A worm (D:5)
  3 dart slugs
  14 orcs
  8 ball pythons
  12 endoplasms
  3 giant cockroaches
  11 goblins
  10 hobgoblins
  11 jackals
  5 quokkas
  6 bats
  3 frilled lizards (D:1)
  4 hobgoblin zombies (D:5)
  6 kobolds
  A kobold skeleton (D:5)
  6 rats
142 creatures vanquished.

Notes
Turn   | Place    | Note
-------+----------+-------------------------------------------
     0 | D:1      | qw the Gargoyle Fighter began the quest for the Orb.
     0 | D:1      | Reached XP level 1. HP: 14/14 MP: 1/1
     0 | D:1      | 0 ||| qw: Version: 0.1-a-112-g44dc6cd
     0 | D:1      | 0 ||| qw: Game counter: 6834
     0 | D:1      | 0 ||| qw: Always use a shield: true
     0 | D:1      | 0 ||| qw: God list: Okawaru
     0 | D:1      | 0 ||| qw: Allow faded altars: false
     0 | D:1      | 0 ||| qw: Do Orc after D:15 true
     0 | D:1      | 0 ||| qw: Do second Lair branch before Depths: true
     0 | D:1      | 0 ||| qw: Lair rune preference: random
     0 | D:1      | 0 ||| qw: Plans: Normal, Zot, God:TSO, Crypt, Tomb, Zig,
                  | Orb
     0 | D:1      | 0 ||| PLANNING D:1-11
    38 | D:1      | Reached skill level 2 in Axes
    47 | D:1      | Reached XP level 2. HP: 8/19 MP: 2/2
   235 | D:1      | Found a faded altar of an unknown god.
   394 | D:1      | Reached skill level 3 in Axes
   399 | D:1      | Reached XP level 3. HP: 20/23 MP: 3/3
   531 | D:1      | 531 ||| Stepping ~*~*~tactically~*~*~ (stealth).
   657 | D:1      | Found Toruv's Armour Shop.
   664 | D:1      | 664 ||| SHOPLISTING +0 chain mail (63 gold, have 52).
   664 | D:1      | 664 ||| SHOPLISTING +0 pair of boots (63 gold, have 52).
   822 | D:1      | 822 ||| READING scroll labelled COUSAW UNOA.
   823 | D:1      | 823 ||| READING scroll labelled KINOCASTEKH.
   824 | D:1      | 824 ||| READING scroll labelled WYONNUO RUORR.
   825 | D:1      | 825 ||| READING scroll labelled APHATOS TESHEH.
   826 | D:1      | 826 ||| READING scroll labelled IRASTR PITZ.
  1424 | D:2      | Reached XP level 4. HP: 28/28 MP: 4/4
  1737 | D:2      | 1737 ||| DROPPING amulet of magic regeneration.
  1738 | D:2      | 1738 ||| READING scroll labelled SEUSAO ARRESA.
  1741 | D:2      | 1741 ||| READING 3 scrolls labelled NAOWUU VUMNUEFF.
  1742 | D:2      | 1742 ||| DRINKING 3 yellow potions.
  1743 | D:2      | 1743 ||| DROPPING 2 scrolls of noise.
  1834 | D:3      | Reached skill level 4 in Axes
  2048 | D:3      | 2048 ||| Stepping ~*~*~tactically~*~*~ (stealth).
  2070 | D:3      | 2070 ||| Stepping ~*~*~tactically~*~*~ (stealth).
  2071 | D:3      | 2071 ||| Stepping ~*~*~tactically~*~*~ (stealth).
  2129 | D:3      | Found Yrehy's Assorted Antiques.
  2130 | D:3      | 2130 ||| Stepping ~*~*~tactically~*~*~ (stealth).
  2145 | D:3      | 2145 ||| BUYING murky ruby potion (23 gold).
  2145 | D:3      | Bought a murky ruby potion for 23 gold pieces
  2145 | D:3      | 2145 ||| BUYING pink potion (23 gold).
  2145 | D:3      | Bought a pink potion for 23 gold pieces
  2145 | D:3      | 2145 ||| BUYING pink potion (23 gold).
  2145 | D:3      | Bought a pink potion for 23 gold pieces
  2145 | D:3      | 2145 ||| SHOPLISTING plate armour (598 gold, have 13).
  2145 | D:3      | 2145 ||| SHOPLISTING scroll labelled EGIOPS OSOQEG (26
                  | gold, have 13).
  2145 | D:3      | 2145 ||| SHOPLISTING viscous coppery potion (23 gold, have
                  | 13).
  2145 | D:3      | 2145 ||| Stepping ~*~*~tactically~*~*~ (hiding).
  2205 | D:3      | HP: 6/28 [orc priest/divine providence (11)]
  2206 | D:3      | Reached XP level 5. HP: 7/32 MP: 5/5
  2212 | D:3      | HP: 3/32 [something (4)]
  2218 | D:3      | Reached skill level 5 in Axes
  2849 | D:3      | 2849 ||| DROPPING scarf of invisibility.
  2850 | D:3      | 2850 ||| DROPPING orb of energy.
  2851 | D:3      | 2851 ||| DROPPING ring of flight.
  2852 | D:3      | 2852 ||| UPGRADING to +6 ring of strength.
  2853 | D:3      | 2853 ||| READING 3 scrolls labelled PUINUY RIMAEGIN.
  2854 | D:3      | 2854 ||| READING scroll labelled TUEMUSUTAR.
  2912 | D:3      | 2912 ||| READING scroll labelled MICIUD ZOASO.
  2913 | D:3      | 2913 ||| DRINKING 2 pink potions.
  2914 | D:3      | 2914 ||| DROPPING 2 scrolls of poison.
  2915 | D:3      | 2915 ||| DROPPING potion of magic.
  2979 | D:4      | Reached skill level 1 in Dodging
  3209 | D:4      | 3209 ||| DROPPING +0 club.
  3284 | D:4      | Reached XP level 6. HP: 28/38 MP: 6/6
  3556 | D:4      | 3556 ||| Stepping ~*~*~tactically~*~*~ (hiding).
  3563 | D:4      | 3563 ||| Stepping ~*~*~tactically~*~*~ (stealth).
  3598 | D:4      | 3598 ||| Stepping ~*~*~tactically~*~*~ (stealth).
  3617 | D:4      | Found a staircase to the Ecumenical Temple.
  3854 | D:4      | Found a glowing silver altar of Zin.
  3944 | D:4      | Noticed a black bear
  3945 | D:4      | 3945 ||| Stepping ~*~*~tactically~*~*~ (stealth).
  3956 | D:4      | Killed a black bear
  4383 | D:4      | 4383 ||| Stepping ~*~*~tactically~*~*~ (stealth).
  4384 | D:4      | 4384 ||| Stepping ~*~*~tactically~*~*~ (stealth).
  4385 | D:4      | 4385 ||| Stepping ~*~*~tactically~*~*~ (stealth).
  4386 | D:4      | 4386 ||| Stepping ~*~*~tactically~*~*~ (stealth).
  4392 | D:4      | 4392 ||| DRINKING 3 potions of curing.
  4392 | D:4      | 4392 ||| (to cure confusion)
  4395 | D:4      | Reached skill level 6 in Axes
  4395 | D:4      | Reached XP level 7. HP: 43/43 MP: 7/7
  4718 | D:4      | 4718 ||| READING scroll labelled EGIOPS OSOQEG.
  4719 | D:4      | 4719 ||| READING 2 scrolls of identify.
  4719 | D:4      | 4719 ||| IDENTIFYING red potion
  4732 | D:5      | Entered Level 5 of the Dungeon
  4982 | D:5      | Reached skill level 7 in Axes
  5059 | D:5      | 5059 ||| DROPPING +0 mace.
  5084 | D:5      | Reached XP level 8. HP: 39/49 MP: 8/8
  5126 | D:5      | HP: 10/49 [gnoll/+0 halberd (6)]
  5127 | D:5      | 5127 ||| READING scroll of teleportation.
  5127 | D:5      | HP: 3/49 [gnoll/+0 halberd (7)]
  5505 | D:5      | 5505 ||| Stepping ~*~*~tactically~*~*~ (hiding).
  5506 | D:5      | 5506 ||| Stepping ~*~*~tactically~*~*~ (hiding).
  5507 | D:5      | Found a glowing golden altar of the Shining One.
  5514 | D:5      | 5514 ||| Stepping ~*~*~tactically~*~*~ (hiding).
  5773 | D:5      | Reached skill level 8 in Axes
  5809 | D:5      | Found a radiant altar of Vehumet.
  5922 | D:5      | Reached skill level 6 in Fighting
  6230 | D:5      | 6230 ||| Stepping ~*~*~tactically~*~*~ (hiding).
  6530 | D:5      | Noticed a wraith
  6610 | D:5      | Killed a wraith
  6611 | D:5      | Reached skill level 9 in Axes
  6632 | D:5      | 6632 ||| UPGRADING to +0 chain mail.
  6642 | D:5      | 6642 ||| DROPPING +0 scale mail.
  6643 | D:5      | 6643 ||| DROPPING ring of magical power.
  6644 | D:5      | 6644 ||| READING scroll labelled AQUBBU BERUAXT.
  6645 | D:5      | 6645 ||| DRINKING 2 viscous coppery potions.
  6664 | D:5      | 6664 ||| READING 2 scrolls of identify.
  6664 | D:5      | 6664 ||| IDENTIFYING fuming white potion
  6873 | D:6      | 6873 ||| Stepping ~*~*~tactically~*~*~ (stealth).
  6879 | D:6      | Reached XP level 9. HP: 45/55 MP: 9/9
  6888 | D:6      | HP: 11/55 [wight/+5 morningstar (4)]
  6893 | D:6      | HP: 2/55 [gnoll/+0 spear[a gnoll bouda] (4)]
  6895 | D:6      | Mangled by a wight

Levels and vault maps discovered:
D:1:      lightli_arrival_boilingwater, layout_basic,
          dreamdust_ecumenical_altar_statues, serial_shops,
          nicolae_shop_waterfront
D:2:      layout_basic
D:3:      layout_loops_ring, serial_shops, nicolae_shop_stone
D:4:      layout_layer_cave, overflow_temple_1_default,
          minmay_temple_entry_from_below_a, st_stairs_2, grunt_ministairs_8,
          minmay_between
D:5:      layout_layer_cave, nicolae_tso_besieged_by_evil,
          vehumet_altar_wand_db, grunt_ministairs_9, grunt_tough_drop
D:6:      layout_layer_cave, lemuel_round_altar, okawaru_altar_gauntlet_db

Skill      XL: |  1  2  3  4  5  6  7  8 |
---------------+-------------------------+-----
Axes           | 2 3 4 5 6 7 9 |  9.0
Dodging        | 1 |  1.2
Fighting       | 4 5 6 |  6.2
Shields        | 4 |  4.0
Armour         | |  3.2

Action                   |  1- 3 |  4- 6 |  7- 9 || total
-------------------------+-------+-------+-------++-------
Melee: War axe           |    89 |   162 |   170 ||   421
  Use: Scroll            |     5 |     5 |     5 ||    15
       Potion            |       |     3 |     1 ||     4
Armor: Scale mail        |    36 |    94 |    51 ||   181
       Chain mail        |       |       |     8 ||     8
Dodge: Dodged            |    51 |    76 |    74 ||   201
Block: Buckler           |    14 |    34 |    25 ||    73

Table legend:
 A = Non-vault XP
 B = Vault XP
 C = Vault XP percentage of total XP
 D = Non-vault monster count
 E = Vault monster count
 F = Vault count percentage of total count
                 A         B        C        D         E       F
            +---------+---------+-------+---------+---------+-------
      Total |    1656 |     748 |  31.1 |     119 |      23 |  16.2
            +---------+---------+-------+---------+---------+-------
        D:1 |      55 |       0 |   0.0 |      32 |       0 |   0.0
        D:2 |      30 |       0 |   0.0 |      12 |       0 |   0.0
        D:3 |     166 |       0 |   0.0 |      25 |       0 |   0.0
        D:4 |     385 |     137 |  26.2 |      26 |       8 |  23.5
        D:5 |     861 |     611 |  41.5 |      19 |      15 |  44.1
        D:6 |     159 |       0 |   0.0 |       5 |       0 |   0.0
            +---------+---------+-------+---------+---------+-------
